 Dungeon Crawl Stone Soup version 0.28.0-45-g0d030f2227 (webtiles) character file.

Game seed: 17204212790349011548

65 nickcage the Slasher (level 4, 0/35 HPs)
             Began as a Formicid Abyssal Knight on Apr 12, 2022.
             Was a Follower of Lugonu.
             Slain by an orc
             ... wielding a +0 club
              (1 damage)
             ... on level 1 of the Dungeon.
             The game lasted 00:03:17 (1509 turns).

nickcage the Slasher (Formicid Abyssal Knight)      Turns: 1509, Time: 00:03:17

Health: 0/35       AC:  9    Str: 19    XL:     4   Next: 35%
Magic:  5/5        EV:  7    Int: 10    God:    Lugonu [*.....]
Gold:   97         SH:  0    Dex: 11    Spells: 3/3 levels left

rFire   . . .      SeeInvis +   a - +1 falchion
rCold   . . .      Faith    .   (no shield)
rNeg    . . .      Spirit   .   f - +0 chain mail
rPois   .          Reflect  .   (helmet unavailable)
rElec   .          Harm     .   (no cloak)
rCorr   .          Rampage  .   c - +0 pair of gloves
Will    .....                   (no boots)
Stlth   ..........              (no amulet)
HPRegen 0.11/turn               (no ring)
MPRegen 0.09/turn               (no ring)

@: no status effects
A: permanent stasis, dig shafts and tunnels, antennae 3, four strong arms
a: Dig, Shaft Self, Renounce Religion, Depart the Abyss


You were on level 1 of the Dungeon.
You worshipped Lugonu.
Lugonu was aware of your devotion.
You visited 1 branch of the dungeon, and saw 2 of its levels.
You visited the Abyss 1 time.

You collected 97 gold pieces.

Inventory:

Hand Weapons
 a - a +1 falchion (weapon)
Armour
 b - a +0 leather armour
 c - a +0 pair of gloves (worn)
 d - a +0 scale mail
 f - a +0 chain mail (worn)
Scrolls
 e - a scroll of fog {unknown}
 g - 2 scrolls of noise {unknown}
 k - a scroll of vulnerability {unknown}
Potions
 h - a potion of mutation {unknown}
 i - a potion of haste {unknown}
 j - a potion of heal wounds {unknown}


   Skills:
 - Level 3.2 Fighting
 + Level 4.3 Long Blades
 - Level 2.1 Armour
 - Level 0.8 Dodging
 - Level 2.1 Invocations


You had 3 spell levels left.
You didn't know any spells.
Your spell library was empty.

Dungeon Overview and Level Annotations

Branches:
Dungeon (2/15)

Altars:


Innate Abilities, Weirdness & Mutations

You cannot be hasted, slowed, berserked, paralysed or teleported.
You can dig through walls and to a lower floor.
You have a pair of large antennae on your head. (SInv)
Your four strong arms can wield two-handed weapons with a shield.


Message History

Lugonu accepts your kill.
The orc priest calls down the wrath of Beogh upon you.
Beogh smites you!
You are too injured to fight recklessly!
You are too injured to fight recklessly!
The orc hits you with a +0 club.
* * * LOW HITPOINT WARNING * * *
The rat bites you but does no damage.
The orc priest begins to cast a cantrip, but forgets the words!
The orc hits you but does no damage.
Things that are here:
a +0 club; a goblin skeleton A jackal comes into view.
The jackal barks!
You hear a shout!
The orc priest invokes the aid of Beogh against you.
Beogh smites you!
* * * LOW HITPOINT WARNING * * *
There is a stone staircase leading up here.
The orc closely misses you.
The jackal bites you but does no damage.
You climb upwards.
There is a stone staircase leading down here.
You barely miss the jackal. The jackal bites you.
* * * LOW HITPOINT WARNING * * *
The orc hits you but does no damage. The jackal bites you.
* * * LOW HITPOINT WARNING * * *
You closely miss the orc. The orc hits you but does no damage.
The jackal bites you but does no damage.
You hit the orc but do no damage.
The jackal bites you but does no damage.
The orc closely misses you.
The jackal bites you but does no damage.
You hit the orc.
The orc is lightly wounded.
The orc hits you but does no damage. The jackal closely misses you.
You hit the orc but do no damage.
The orc is lightly wounded.
The jackal bites you but does no damage.
The orc hits you with a +0 club.
You die...

####.......# #.......##......#
...........###.......#####.###
....#.#.#####........# #.##
.....##.# #........# #..#
####.##.#####........# ##.#
###.##.##...........# #.#
#......##.##.##.##### #.#
#.###..##.##.#..h...# #.# #.#
#.[......#.@###.# #.#
##.###(.##.#....o.##.######.#
........##.#.#..............#
....)##.##........##.########
.....##.........#)##.#
.....#######.##......# ......#
#.####.#### ##.##.# #......#
#.##.### ########


You could see an orc and a jackal.

Vanquished Creatures
  An adder (D:2)
  A worm (D:2)
  4 dart slugs (D:1)
  4 bats (D:1)
  3 endoplasms (D:1)
  3 giant cockroaches (D:1)
  4 goblins
  3 hobgoblins
  2 quokkas (D:1)
  5 ball pythons
  2 frilled lizards (D:1)
  3 kobolds
  7 rats
42 creatures vanquished.

Notes
Turn   | Place    | Note
-------+----------+-------------------------------------------
     0 | Abyss:1  | nickcage the Formicid Abyssal Knight began the quest for
                  | the Orb.
     0 | Abyss:1  | Reached XP level 1. HP: 18/18 MP: 2/2
    69 | Abyss:1  | Found a corrupted altar of Lugonu.
   101 | D:1      | Escaped the Abyss
   198 | D:1      | Reached XP level 2. HP: 12/24 MP: 3/3
   457 | D:1      | Reached skill level 3 in Long Blades
   707 | D:1      | Reached XP level 3. HP: 29/29 MP: 4/4
   720 | D:1      | Reached * piety under Lugonu
  1196 | D:2      | Reached skill level 4 in Long Blades
  1196 | D:2      | Reached XP level 4. HP: 35/35 MP: 5/5
  1505 | D:1      | HP: 1/35 [jackal (3)]
  1509 | D:1      | Slain by an orc

Illustrated notes

Levels and vault maps discovered:
D:1:      dpeg_arrival_radiant, layout_loops_cross
D:2:      layout_basic, dilly_ecumenical_altar_fadedgnrine

Skill      XL: |  1  2  3 |
---------------+----------+-----
Long Blades    | 3 4 |  4.3
Fighting       | |  3.2
Armour         | |  2.1
Dodging        | |  0.8
Invocations    | |  2.1

Action                   |  1- 3 |  4- 6 || total
-------------------------+-------+-------++-------
Melee: Falchion          |    90 |    36 ||   126
Invok: Depart the Abyss  |     1 |       ||     1
Armor: Leather armour    |    14 |       ||    14
       Scale mail        |    13 |       ||    13
       Chain mail        |    29 |    29 ||    58
Dodge: Dodged            |    39 |    12 ||    51
